 Dungeon Crawl Stone Soup version 0.30-a0-603-g51a0fb1b98 (webtiles) character file.

Game seed: 16105882419800820008

11177 Crownlay the Grappler (level 11, -6/113 HPs)
             Began as a Troll Berserker on Jan 7, 2023.
             Was a High Priest of Trog.
             Killed from afar by Maurice (11 damage)
             ... with an iceblast
             ... on level 9 of the Dungeon.
             The game lasted 00:21:26 (7999 turns).

Crownlay the Grappler (Troll Berserker)             Turns: 7999, Time: 00:21:27

Health: -6/113     AC:  8    Str: 31    XL:     11   Next: 45%
Magic:  10/10      EV: 10    Int:  3    God:    Trog [*****.]
Gold:   0          SH: 10    Dex:  9    Spells: 10/10 levels left

rFire   + . .      SeeInvis .      - Unarmed
rCold   . . .      Faith    .    k - +2 kite shield {rF+}
rNeg    . . .      Spirit   .    N - +0 acid dragon scales
rPois   .          Reflect  .    (helmet restricted)
rElec   .          Harm     .    (no cloak)
rCorr   +          Rampage  .    (gloves unavailable)
Will    ++...                    (boots unavailable)
Stlth   ++                       (no amulet)
HPRegen 2.18/turn                (no ring)
MPRegen 0.12/turn                (no ring)

@: lethally poisoned (-6 -> -7), strong-willed (expiring), regenerating
(expiring), slowed, studying Stealth, very slow
A: large, unfitting armour, claws 3, regeneration 1, shaggy fur 1, tough skin 1
a: Renounce Religion, Berserk, Trog's Hand, Brothers in Arms


You were on level 9 of the Dungeon.
You worshipped Trog.
Trog was extremely pleased with you.
You visited 1 branch of the dungeon, and saw 9 of its levels.
You also visited: Sewer, Ossuary and Bailey.

Inventory:

Missiles
 J - a throwing net (quivered)
 K - 16 boomerangs
 L - 3 datura-tipped darts
Armour
 k - a +2 kite shield of fire resistance (worn)
 N - +0 acid dragon scales (worn)
Jewellery
 e - a ring of ice
Wands
 g - a wand of light (2)
 q - a wand of charming (11)
 M - a wand of flame (7)
Scrolls
 b - a scroll of vulnerability {unknown}
 c - a scroll of poison {unknown}
 f - 2 scrolls of torment
 h - 4 scrolls of teleportation
 i - 5 scrolls of enchant weapon
 l - a scroll of brand weapon {unknown}
 n - a scroll of immolation {unknown}
 p - 2 scrolls of butterflies
 r - 6 scrolls of enchant armour
 u - 2 scrolls of magic mapping
 v - 3 scrolls of fog
 x - 3 scrolls of blinking
Potions
 a - 6 potions of magic
 d - a potion of cancellation
 j - 2 potions of resistance
 o - 6 potions of lignification
 s - a potion of degeneration {unknown}
 w - a potion of ambrosia {unknown}
 z - a potion of attraction {unknown}
 B - 2 potions of heal wounds
 C - 2 potions of haste
 D - a potion of invisibility
 G - 2 potions of mutation {unknown}
 H - a potion of flight {unknown}


   Skills:
 + Level 8.6 Fighting
 - Level 6.9 Dodging
 + Level 3.1 Stealth
 + Level 6.0 Shields
 + Level 11.6 Unarmed Combat


You had 10 spell levels left.
You didn't know any spells.
Your spell library was empty.

Dungeon Overview and Level Annotations

Branches:
Dungeon (9/15)             Temple (0/1) D:5           Sewer (visited)
Ossuary (visited)          Bailey (visited)
   Lair: D:8-11         Orc: D:9-12

Altars:
Makhleb
Okawaru
Qazlal
Uskayaw
Yredelemnul

Shops:
D:7 (

Annotations:
D:9 Maurice


Innate Abilities, Weirdness & Mutations

You are too large for most types of armour.
You have claws for hands.
Your natural rate of healing is unusually fast.
You are covered in fur. (AC +1)
You have tough skin. (AC +1)


Message History

The iceblast engulfs something!
You completely miss something. Something hits you!
Something groans, "What are you, a monk?"
Something hits you!
Something grunts, "Curses!"
You closely miss something. Something hits you.
Something groans, "What are you, a monk?"
You scratch something but do no damage.
You hear some strange, mumbled words.
Something completely misses you.
You hear some strange, mumbled words.
You feel the effects of Trog's Hand fading.
You hear a zap.
An iceblast appears from out of thin air!
The mass of ice explodes!
The iceblast engulfs you!
A curare-tipped dart appears from out of thin air!
The curare-tipped dart hits you.
You are poisoned.
You have difficulty breathing.
You feel yourself slow down.
You feel very sick.
A curare-tipped dart appears from out of thin air!
The curare-tipped dart hits you.
You are more poisoned.
You have difficulty breathing.
* * * LOW HITPOINT WARNING * * *
You feel as though you will be slow longer.
You feel extremely sick.
You hear a zap.
An iceblast appears from out of thin air!
The mass of ice explodes!
The iceblast engulfs you!
* * * LOW HITPOINT WARNING * * *
You hear some strange, mumbled words.
There is a stone staircase leading up here.
You feel very sick.
A curare-tipped dart appears from out of thin air!
You block the curare-tipped dart.
You hear a zap.
An iceblast appears from out of thin air!
The mass of ice explodes!
The iceblast engulfs you!
You die...

#.......# #.#............#....
#.##....# #.####'####....#....
#.##....# #.........##########
#.##....######.........#
#......................#
#'####.................+
#....##########........#
#.....#.......##########
#.....#.........@.....#
#.....'...............#
#.....#...............#
#################'###'###########
.........<......ยง.....{..........
......##....................#....
......##....{.....####......#....
.(....##..........# #......#...#
##................# #......#...#


There were no monsters in sight!

Vanquished Creatures
  A centaur warrior (D:9)
  2 two-headed ogres (D:9)
  Pikel (D:8)
  Joseph (D:8)
  A kobold demonologist (D:9)
  Prince Ribbit (D:6)
  Sigmund (D:6)
  3 yaks (D:9)
  A slime creature (D:9)
  A wyvern (D:7)
  3 steam dragons
  Edmund (D:4)
  An acid dragon (D:8)
  Duvessa (D:4)
  A black bear (D:7)
  4 ice beasts
  7 orc warriors
  2 sky beasts (D:7)
  2 ogres
  7 centaurs
  4 elf zombies (Ossuary)
  Blork the orc (D:6)
  7 kobold brigands
  2 gnoll sergeants
  2 necrophages (D:5)
  3 bullfrogs
  3 scorpions
  A wight (D:9)
  Dowan (D:4)
  13 killer bees
  3 electric eels
  7 howler monkeys
  3 centaur zombies (Ossuary)
  2 jellies (D:7)
  5 human zombies (Ossuary)
  3 hounds
  A gnoll bouda (D:8)
  8 orc priests
  2 iguanas (D:5)
  Jessica (D:3)
  Ijyb (D:4)
  Terence (D:2)
  Natasha (thrice) (D:2)
  8 orc wizards
  4 mummies
  18 gnolls
  9 adders
  6 river rats
  A shadow imp (D:7)
  A white imp (D:6)
  3 ufetubi (D:5)
  5 dart slugs
  7 worms
  36 orcs
  12 ball pythons
  9 endoplasms
  5 giant cockroaches
  7 goblins
  6 hobgoblins
  4 jackals
  25 kobolds
  5 quokkas
  11 bats
  5 frilled lizards
  31 rats
337 creatures vanquished.

Vanquished Creatures (collateral kills)
  An orc knight (Bailey)
1 creature vanquished.

Grand Total: 338 creatures vanquished

Notes
Turn   | Place    | Note
-------+----------+-------------------------------------------
     0 | D:1      | Crownlay the Troll Berserker began the quest for the Orb.
     0 | D:1      | Reached XP level 1. HP: 22/22 MP: 0/0
   170 | D:1      | Reached XP level 2. HP: 29/29 MP: 1/1
   978 | D:2      | Reached XP level 3. HP: 14/37 MP: 2/2
  1036 | D:2      | Reached skill level 4 in Unarmed Combat
  1099 | D:2      | Identified the +5 spear of the Jolly Shrikes {heavy, *Noise
                  | rPois rN+++ Dex-5}
  1106 | D:2      | Reached ** piety under Trog
  1107 | D:2      | Reached XP level 4. HP: 45/45 MP: 3/3
  1170 | D:2      | Found a faded altar of an unknown god.
  1355 | D:2      | Noticed Terence
  1394 | D:2      | Killed Terence
  1478 | D:2      | Noticed Natasha
  1483 | D:2      | Killed Natasha
  1506 | D:2      | Reached XP level 5. HP: 54/54 MP: 4/4
  1787 | D:2      | Noticed Natasha
  1798 | D:2      | Killed Natasha
  1976 | D:2      | Noticed Natasha
  1980 | D:2      | Killed Natasha
  2016 | D:3      | Found a hide-covered altar of Uskayaw.
  2025 | D:3      | Noticed Jessica
  2032 | D:3      | Killed Jessica
  2039 | D:3      | Reached skill level 5 in Unarmed Combat
  2367 | D:3      | Noticed an ice beast
  2372 | D:3      | Killed an ice beast
  2373 | D:3      | Reached XP level 6. HP: 63/63 MP: 5/5
  2736 | D:4      | Noticed Ijyb
  2741 | D:4      | Killed Ijyb
  2746 | D:4      | Noticed Dowan
  2747 | D:4      | Noticed Duvessa
  2759 | D:4      | Killed Duvessa
  2760 | D:4      | Reached skill level 5 in Fighting
  2760 | D:4      | Reached skill level 6 in Unarmed Combat
  2760 | D:4      | Reached XP level 7. HP: 15/72 MP: 6/6
  2764 | D:4      | HP: 2/72 [Dowan/shard of ice (12)]
  2769 | D:4      | HP: 3/72 [Dowan/shard of ice (15)]
  2770 | D:4      | Killed Dowan
  2839 | D:4      | Found a sand-covered staircase.
  2848 | Ossuary  | Entered an ossuary
  2869 | Ossuary  | Reached skill level 7 in Unarmed Combat
  2932 | Ossuary  | Reached *** piety under Trog
  2938 | Ossuary  | Reached skill level 8 in Unarmed Combat
  2947 | Ossuary  | Reached XP level 8. HP: 75/80 MP: 7/7
  3080 | D:4      | Identified the +0 leather armour of Xaduf {rElec}
  3093 | D:4      | Noticed Edmund
  3101 | D:4      | Killed Edmund
  3161 | D:4      | Found a glowing drain.
  3173 | Sewer    | Entered a sewer
  3263 | Sewer    | Reached **** piety under Trog
  3600 | D:4      | Identified the +9 short sword of Rineaffe {protect, Str+7}
  3713 | D:5      | Entered Level 5 of the Dungeon
  3720 | D:5      | Found a staircase to the Ecumenical Temple.
  3802 | D:5      | You fall into a shaft and drop 1 floor!
  3844 | D:6      | Noticed Prince Ribbit
  3856 | D:6      | Killed Prince Ribbit
  3857 | D:6      | Reached skill level 9 in Unarmed Combat
  3857 | D:6      | Reached XP level 9. HP: 77/89 MP: 8/8
  4294 | D:5      | Reached skill level 5 in Dodging
  4627 | D:6      | Found a basalt altar of Yredelemnul.
  4631 | D:6      | Noticed Sigmund
  4649 | D:6      | Killed Sigmund
  4650 | D:6      | Reached skill level 1 in Shields
  5093 | D:6      | Noticed Blork the orc
  5097 | D:6      | Killed Blork the orc
  5098 | D:6      | Reached skill level 10 in Unarmed Combat
  5260 | D:7      | Reached ***** piety under Trog
  5267 | D:7      | Reached XP level 10. HP: 57/102 MP: 9/9
  5683 | D:7      | Found a burning altar of Makhleb.
  5772 | D:7      | Found a stormy altar of Qazlal.
  5962 | D:7      | Found Nuew's Antique Weapon Boutique.
  6016 | D:7      | Identified 2 scrolls of acquirement
  6173 | D:8      | Noticed Pikel
  6186 | D:8      | Killed Pikel
  6234 | D:8      | Found a flagged portal.
  6244 | Bailey   | Entered a bailey
  6245 | Bailey   | Acquired a manual of Stealth
  6420 | Bailey   | Noticed an orc knight
  6437 | Bailey   | Killed an orc knight
  6456 | Bailey   | Found an iron altar of Okawaru.
  6660 | D:8      | Noticed Joseph
  6670 | D:8      | Found an iron altar of Okawaru.
  6674 | D:8      | Killed Joseph
  6761 | D:8      | Reached skill level 11 in Unarmed Combat
  7132 | D:9      | Reached skill level 5 in Shields
  7214 | D:9      | HP: 7/156 [killer bee (4)]
  7450 | D:9      | Reached skill level 1 in Stealth
  7450 | D:9      | Reached XP level 11. HP: 111/111 MP: 10/10
  7465 | D:9      | Noticed a two-headed ogre
  7475 | D:9      | Killed a two-headed ogre
  7553 | D:9      | Noticed a centaur warrior
  7558 | D:9      | Killed a centaur warrior
  7639 | D:9      | Noticed a two-headed ogre
  7642 | D:9      | Killed a two-headed ogre
  7774 | D:9      | Noticed Maurice
  7811 | D:9      | HP: 4/113 [asphyx]
  7892 | D:9      | HP: 1/113 [something (9)]
  7958 | D:8      | Acquired a +2 kite shield of fire resistance
  7999 | D:9      | HP: 5/113 [poisoned by something (curare-tipped dart)]
  7999 | D:9      | Killed from afar by Maurice

Illustrated notes

Levels and vault maps discovered:
D:1:      dpeg_arrival_rooms_b, layout_loops_corners, st_stairs_11,
          chequers_mini_garden, minivault_23
D:2:      layout_basic, hellmonk_ecumenical_altar_pennies_from_heaven,
          st_stairs_9, minmay_worlds_worst_comb, uniq_natasha, uniq_terence
D:3:      layout_basic, eat_drink_and_be_merry_uskayaw, uniq_jessica
D:4:      layout_rooms, gup_ossuary_entry_pyramid, portal_sewer_entry_e,
          minmay_statues_item, uniq_ijyb, uniq_duvessa, uniq_edmund
D:5:      layout_loops_corners, minmay_temple_entry_statues_fountains,
          minmay_crystal_room, nicolae_kite_square_tiling_tiny
D:6:      layout_rooms, mainiacjoe_overflow_tiny_flanked, kennysheep_boxes,
          uniq_blork_the_orc, uniq_sigmund, uniq_prince_ribbit1
D:7:      layout_loops_ring, nicolae_overflow_crystal_walls,
          nicolae_qazlal_general_emergency, serial_shops,
          nicolae_lakefront_shop, grunt_ogre_cave, minmay_fractal_squares_5
D:8:      layout_gridville, okawaru_gym_becter, enter_bailey_2, uniq_joseph,
          uniq_pikel
D:9:      minmay_quarter_circles, layout_stronghold,
          mainiacjoe_overflow_alcove_2, hangedman_abyss_or_decor_lesser_grid,
          minivault_14, uniq_maurice

Skill      XL: |  1  2  3  4  5  6  7  8  9 10 11 |
---------------+----------------------------------+-----
Fighting       | 3 4 5 6 7 8 |  8.6
Unarmed Combat | 4 5 6 8 9 10 11 | 11.6
Dodging        | 4 5 6 |  6.9
Shields        | 2 5 6 |  6.0
Stealth        | 1 3 |  3.1

Action                   |  1- 3 |  4- 6 |  7- 9 | 10-12 || total
-------------------------+-------+-------+-------+-------++-------
Melee: Unarmed           |    95 |   137 |   392 |   314 ||   938
       Punch             |     2 |     2 |    23 |    13 ||    40
Throw: Dart              |       |       |       |     7 ||     7
       Throwing net      |       |       |       |     1 ||     1
Invok: Trog's Hand       |       |     4 |     3 |    10 ||    17
       Berserk           |       |     3 |     7 |    10 ||    20
       Brothers in Arms  |       |       |       |     1 ||     1
Evoke: Wand              |       |       |       |     2 ||     2
  Use: Potion            |       |     4 |     1 |     5 ||    10
       Scroll            |       |       |    11 |    11 ||    22
 Stab: Sleeping          |     1 |     1 |       |       ||     2
Armor: Animal skin       |    38 |    42 |       |       ||    80
       Robe              |       |    28 |   137 |    29 ||   194
       Acid dragon scale |       |       |       |    80 ||    80
Dodge: Dodged            |    63 |    73 |   208 |   239 ||   583
Block: Kite shield       |       |       |       |     2 ||     2

Table legend: (Time is in decaauts)
 A = Elapsed time spent in this place.
 B = Non-inter-level travel time spent in this place.
 C = Inter-level travel time spent in this place.
 D = Time resting spent in this place.
 E = Time spent auto-exploring this place.
 F = Levels seen in this place.
 G = Mean time per level.
                   A        B        C        D        E       F      G
               +--------+--------+--------+--------+--------+-----+--------+
         Total |   8129 |   7586 |    543 |      0 |   5228 |  12 |  677.4 |
       Dungeon |   7378 |   6835 |    543 |      0 |   4934 |   9 |  819.8 |
         Sewer |    243 |    243 |      0 |      0 |    131 |   1 |  243.0 |
       Ossuary |    199 |    199 |      0 |      0 |     79 |   1 |  199.0 |
        Bailey |    308 |    308 |      0 |      0 |     84 |   1 |  308.0 |
               +--------+--------+--------+--------+--------+-----+--------+

Top non-repeatable levels by time:
     D:2: 1063 daAuts
     D:9: 993 daAuts
     D:1: 960 daAuts
     D:7: 956 daAuts
     D:5: 836 daAuts
     D:3: 732 daAuts
     D:6: 669 daAuts
     D:8: 631 daAuts
     D:4: 534 daAuts
  Bailey: 308 daAuts
   Sewer: 243 daAuts
 Ossuary: 199 daAuts
